 Dungeon Crawl Stone Soup version 0.28-a0-906-g0406aca7d3 (webtiles) character file.

Game seed: 8486017405728855118

12 lunkers the Sneak (level 2, -2/15 HPs)
             Began as a Vine Stalker Brigand on Nov 24, 2021.
             Frozen to death by an endoplasm (4 damage)
             ... on level 1 of the Dungeon.
             The game lasted 00:00:37 (499 turns).

lunkers the Sneak (Vine Stalker Brigand)             Turns: 499, Time: 00:00:37

Health: -2/15      AC:  3    Str: 13    XL:     2   Next: 33%
Magic:  0/3        EV: 11    Int: 11    God:
Gold:   32         SH:  0    Dex: 15    Spells: 1/1 levels left

rFire   . . .      SeeInvis .   a - +2 dagger
rCold   . . .      Faith    .   (no shield)
rNeg    . . .      Spirit   +   b - +0 robe
rPois   .          Reflect  .   (no helmet)
rElec   .          Harm     .   c - +0 cloak
rCorr   .          Rampage  .   (no gloves)
Will    .....                   (no boots)
Stlth   +++.......              (no amulet)
HPRegen 0.05/turn               g - ring of wizardry
MPRegen 0.08/turn               (no ring)

@: no status effects
A: fangs 2, magic shield, antimagic bite, no potion heal 2
a: no special abilities


You were on level 1 of the Dungeon.
You visited 1 branch of the dungeon, and saw 1 of its levels.

You collected 32 gold pieces.

Inventory:

Hand Weapons
 a - a +2 dagger (weapon)
Missiles
 d - 7 poisoned darts (quivered)
 e - 2 curare-tipped darts {=f}
Armour
 b - a +0 robe (worn)
 c - a +0 cloak (worn)
Jewellery
 g - a ring of wizardry (left hand)
Scrolls
 h - a scroll of teleportation {unknown}
 i - a scroll of magic mapping {unknown}
Potions
 f - 2 potions of curing {unknown}


   Skills:
 + Level 2.1 Fighting
 * Level 2.4 Short Blades
 - Level 1.7 Throwing
 - Level 0.7 Dodging
 - Level 4.8 Stealth


You had one spell level left.
You didn't know any spells.
Your spell library was empty.

Dungeon Overview and Level Annotations

Branches:
Dungeon (1/15)

Altars:


Innate Abilities, Weirdness & Mutations

You have extremely sharp teeth.
When hurt, damage is shared between your health and your magic reserves.
Your bite disrupts and absorbs the magic of your enemies.
Potions cannot restore your health.


Message History

You hit the hobgoblin.
You bite the hobgoblin, but do no damage.
The hobgoblin is severely wounded.
The hobgoblin hits you.
There are monsters nearby!
You closely miss the hobgoblin.
The hobgoblin is severely wounded.
The hobgoblin hits you.
There are monsters nearby!
You barely miss the hobgoblin.
The hobgoblin is severely wounded.
The hobgoblin barely misses you.
There are monsters nearby!
You barely miss the hobgoblin. Your bite misses the hobgoblin.
The hobgoblin is severely wounded.
The hobgoblin barely misses you.
You barely miss the hobgoblin.
You bite the hobgoblin, but do no damage.
The hobgoblin is severely wounded.
The hobgoblin hits you.
* * * LOW HITPOINT WARNING * * *
You hit the hobgoblin.
You kill the hobgoblin!
Unknown command.
The endoplasm barely misses you. x2
There is an open door here.
You see here a hobgoblin corpse.
Unknown command.
You hit the endoplasm.
The endoplasm is heavily wounded.
The endoplasm freezes you.
You are frozen.
* * * LOW HITPOINT WARNING * * *
The endoplasm freezes you.
You are frozen.
* * * LOW HITPOINT WARNING * * *
You see here a +0 club.
The endoplasm freezes you.
You are frozen.
You die...

###### ....... #..... .......
#..... ....... #..... .......
#..... ....... ####.....
.>..... .........
.......#################.....
.......†J.gJ@................
.......######################
####### # # ####### #.....#
#.....# #.....#


You could see 2 endoplasms and a hobgoblin.

Vanquished Creatures
  A giant cockroach (D:1)
  A goblin (D:1)
  2 hobgoblins (D:1)
  5 ball pythons (D:1)
  2 bats (D:1)
11 creatures vanquished.

Notes
Turn   | Place    | Note
-------+----------+-------------------------------------------
     0 | D:1      | lunkers the Vine Stalker Brigand began the quest for the
                  | Orb.
     0 | D:1      | Reached XP level 1. HP: 11/11 MP: 2/2
   187 | D:1      | Reached XP level 2. HP: 14/15 MP: 3/3
   499 | D:1      | Frozen to death by an endoplasm

Illustrated notes

Levels and vault maps discovered:
D:1:      tarquinn_simple_flora_water_f, layout_basic

Skill      XL: |  1 |
---------------+----+-----
Short Blades   | 2 |  2.4
Fighting       | 2 |  2.1
Throwing       | |  1.7
Dodging        | |  0.7
Stealth        | |  4.8

Action                   || total
-------------------------++-------
Melee: Dagger            ||    23
       Bite              ||     5
Throw: Dart              ||    13
Armor: Robe              ||     6
Dodge: Dodged            ||    11

Table legend: (Time is in decaauts)
 A = Elapsed time spent in this place.
 B = Non-inter-level travel time spent in this place.
 C = Inter-level travel time spent in this place.
 D = Time resting spent in this place.
 E = Time spent auto-exploring this place.
 F = Levels seen in this place.
 G = Mean time per level.
                   A        B        C        D        E       F      G
               +--------+--------+--------+--------+--------+-----+--------+
         Total |    494 |    494 |      0 |      0 |    418 |   1 |  494.0 |
       Dungeon |    494 |    494 |      0 |      0 |    418 |   1 |  494.0 |
               +--------+--------+--------+--------+--------+-----+--------+

Top non-repeatable levels by time:
     D:1: 494 daAuts
